 Dungeon Crawl Stone Soup version 0.23.2-1-ga50397a (webtiles) character file.

Game seed: 9543997705753115152

947 whitewolfNL the Cudgeler (level 7, 0/61 HPs)
             Began as a Minotaur Berserker on May 24, 2019.
             Was a Priest of Trog.
             Slain by an orc wizard
             ... wielding a +0 dagger
              (2 damage)
             ... on level 4 of the Dungeon.
             The game lasted 00:09:00 (2460 turns).

whitewolfNL the Cudgeler (Minotaur Berserker)       Turns: 2460, Time: 00:09:01

Health: 0/61       AC:  7    Str: 21 (22) XL:     7   Next: 89%
Magic:  7/7        EV: 11    Int:  1 (4)  God:    Trog [***...]
Gold:   177        SH:  0    Dex:  8 (11) Spells: 6/6 levels left

rFire    + . .     SeeInvis .   t - +0 flail
rCold    + . .     Gourm    .   (no shield)
rNeg     . . .     Faith    .   u - +0 scale mail
rPois    +         Spirit   .   (helmet restricted)
rElec    +         Reflect  .   (no cloak)
rCorr    +         Harm     .   (no gloves)
MR       .....                  (no boots)
Stlth    +.........             (no amulet)
HPRegen  0.20/turn              e - ring of stealth
MPRegen  0.10/turn              (no ring)

@: resistant, berserk cooldown
A: retaliatory headbutt, horns 2
a: Berserk, Trog's Hand, Renounce Religion


You were on level 4 of the Dungeon.
You worshipped Trog.
Trog was most pleased with you.
You were hungry.

You visited 1 branch of the dungeon, and saw 4 of its levels.

You collected 177 gold pieces.

Inventory:

Hand Weapons
 t - a +0 flail (weapon)
Missiles
 b - 33 poisoned needles
 l - 83 stones (quivered)
 v - 14 sling bullets
Armour
 u - a +0 scale mail (worn)
Jewellery
 e - a ring of stealth (left hand)
 w - an uncursed ring of magical power {unknown}
 x - an uncursed ring of positive energy {unknown}
Wands
 s - a wand of random effects (12)
Scrolls
 d - a scroll of teleportation {unknown}
 f - 9 scrolls of identify {unknown}
 g - 2 scrolls of amnesia {unknown}
 i - a scroll of enchant armour {unknown}
 p - a scroll of remove curse {unknown}
 q - a scroll of fear {unknown}
 r - a scroll of immolation {unknown}
Potions
 j - a potion of invisibility {unknown}
 k - a potion of lignification
 m - a potion of might
Comestibles
 c - 6 rations


   Skills:
 + Level 5.6 Fighting
 * Level 6.9 Maces & Flails
 + Level 3.3 Throwing
 + Level 4.7 Armour
 + Level 4.3 Dodging
 + Level 2.1 Evocations


You had 6 spell levels left.
You didn't know any spells.
Your spell library was empty.

Dungeon Overview and Level Annotations

Branches:
Dungeon (4/15)
 Temple: D:4-7

Altars:


Innate Abilities, Weirdness & Mutations

You reflexively headbutt those who attack you in melee.
You have a pair of horns on your head.


Message History

The orc priest looks encouraged for a moment.
The orc wizard hits you but does no damage.
It was a potion of cancellation.
Your magical effects are unravelling.
You feel magically purged.
You feel less wooden.
Your +0 scale mail unmelds from your body.
You feel yourself speed up.
You feel a little less mighty now.
You feel sick.
You are no longer poisoned.
The orc wizard closely misses you. You furiously retaliate!
You headbutt the orc wizard.
It was a potion of degeneration.
There was something very wrong with that liquid.
You feel weakened.
You feel dopey.
You feel clumsy. The orc barely misses you.
It was a potion of resistance.
You feel protected.
The orc wizard hits you with a +0 dagger.
You die...

... .... .....
.... ..... #...
...... ... #
#....####.###.#
#...........%.#
##....#>..o?#
......[<)@#
......$).oo......
....$.#..##o.....
...p..#... ......
..... #.#.# .....
..p.. #...# .....
.... #.### ....
.... #.. ....


You could see an orc priest, an orc wizard, 2 orcs and a neutral freed slave
(wandering).

Vanquished Creatures
  Pikel (D:4)
  2 ogres (D:4)
  A bullfrog skeleton (D:4)
  An orc wizard (D:3)
  Terence (D:3)
  A worker ant (D:4)
  Robin (D:3)
  4 gnolls (D:3)
  7 adders
  3 oozes
  2 worms (D:2)
  2 dart slugs
  4 leopard geckos
  6 orcs (D:3)
  2 giant cockroaches
  12 goblins
  14 hobgoblins
  4 jackals (D:2)
  5 quokkas
  5 bats
  6 frilled lizards
  11 kobolds
  7 rats
102 creatures vanquished.

Vanquished Creatures (others)
  2 slaves (D:4)
2 creatures vanquished.

Grand Total: 104 creatures vanquished

Notes
Turn   | Place    | Note
-------+----------+-------------------------------------------
     0 | D:1      | whitewolfNL the Minotaur Berserker began the quest for the
                  | Orb.
     0 | D:1      | Reached XP level 1. HP: 19/19 MP: 0/0
   185 | D:1      | Reached XP level 2. HP: 27/27 MP: 1/1
   277 | D:1      | Reached skill level 4 in Maces & Flails
  1034 | D:2      | Reached XP level 3. HP: 33/33 MP: 2/2
  1082 | D:2      | Reached skill level 1 in Throwing
  1144 | D:2      | Reached ** piety under Trog
  1144 | D:2      | Reached XP level 4. HP: 40/40 MP: 3/3
  1644 | D:3      | Noticed Terence
  1653 | D:3      | Killed Terence
  1653 | D:3      | Reached skill level 5 in Maces & Flails
  1653 | D:3      | Reached XP level 5. HP: 47/47 MP: 4/4
  1864 | D:3      | Noticed Robin
  1882 | D:3      | Killed Robin
  1882 | D:3      | Reached *** piety under Trog
  2028 | D:3      | Reached XP level 6. HP: 53/53 MP: 5/5
  2426 | D:4      | Noticed Pikel
  2426 | D:4      | Noticed a slave
  2426 | D:4      | Noticed a slave
  2426 | D:4      | Noticed a slave
  2426 | D:4      | Noticed a slave
  2436 | D:4      | Killed Pikel
  2436 | D:4      | Reached skill level 5 in Fighting
  2436 | D:4      | Reached skill level 6 in Maces & Flails
  2436 | D:4      | Reached skill level 1 in Evocations
  2436 | D:4      | Reached XP level 7. HP: 61/61 MP: 5/7
  2455 | D:4      | HP: 3/61 [orc wizard/+0 dagger (2)]
  2460 | D:4      | Slain by an orc wizard

Skill      XL: |  1  2  3  4  5  6  7 |
---------------+----------------------+-----
Maces & Flails | 4 5 6 |  6.9
Fighting       | 4 5 |  5.6
Throwing       | 1 2 3 |  3.3
Armour         | 3 4 |  4.7
Dodging        | 3 4 |  4.3
Evocations     | 1 2 |  2.1

Action                   |  1- 3 |  4- 6 |  7- 9 || total
-------------------------+-------+-------+-------++-------
Melee: Mace              |    64 |    60 |       ||   124
       Headbutt          |     6 |    18 |     2 ||    26
       Flail             |       |    67 |    16 ||    83
Invok: Berserk           |     1 |     4 |       ||     5
  Use: Potion            |       |       |     5 ||     5
 Stab: Sleeping          |       |     1 |       ||     1
  Eat: Chunk             |       |     9 |       ||     9
Armor: Ring mail         |    34 |    18 |       ||    52
       Scale mail        |       |    32 |     4 ||    36
       Skin              |       |       |     2 ||     2
Dodge: Dodged            |    60 |    83 |    21 ||   164
